 Dungeon Crawl Stone Soup version 0.21.1-1-g345015f (webtiles) character file.

96 Iko the Ducker (level 4, 0/33 HPs)
             Began as a Vampire Warper on May 2, 2018.
             Slain by an adder (2 damage)
             ... on level 2 of the Dungeon.
             The game lasted 00:13:20 (1407 turns).

Iko the Ducker (Vampire Warper)                     Turns: 1407, Time: 00:13:22

Health: 0/33       AC:  3    Str:  8 (11) XL:     4   Next: 41%
Magic:  7/7        EV: 12    Int: 12 (15) God:
Gold:   84         SH:  0    Dex: 10 (13) Spells: 7/7 levels left

rFire    . . .     SeeInvis +   e - +0 trident
rCold    . . .     Gourm    .   (no shield)
rNeg     . . .     Faith    .   b - +0 leather armour
rPois    .         Spirit   .   (no helmet)
rElec    .         Reflect  .   (no cloak)
rCorr    .         Harm     .   (no gloves)
MR       .....                  (no boots)
Stlth    +.........             (no amulet)
HPRegen  0.31/turn              (no ring)
MPRegen  0.10/turn              (no ring)

@: lethally poisoned (0 -> -2), very slightly contaminated, regenerating quickly
A: fangs 3, see invisible, unbreathing
a: no special abilities


You were on level 2 of the Dungeon.
You were very full.

You visited 1 branch of the dungeon, and saw 2 of its levels.

You collected 84 gold pieces.

Inventory:

Hand Weapons
 e - a +0 trident (weapon)
Armour
 b - a +0 leather armour (worn)
Potions
 f - 3 potions of blood
Books
 c - a book of Spatial Translocations

   Spells                             Type                      Level
   a - Blink                          Translocation                2
   b - Shroud of Golubria             Charms/Translocation         2
   c - Lesser Beckoning               Translocation                3
   d - Gell's Gravitas                Translocation                3
   e - Teleport Other                 Translocation                3
   f - Passage of Golubria            Translocation                4


   Skills:
 + Level 2.1 Fighting
 + Level 2.7 Polearms
 + Level 0.7 Throwing
 + Level 1.6 Armour
 + Level 3.2 Dodging
 + Level 0.5 Stealth
 + Level 2.3 Spellcasting
   Level 2.4 Translocations


You had 7 spell levels left.
You didn't know any spells.

Dungeon Overview and Level Annotations

Branches:
Dungeon (2/15)

Altars:


Innate Abilities, Weirdness & Mutations

Your natural rate of healing is unusually fast.
You have razor-sharp teeth.
You have supernaturally acute eyesight. (SInv)
You can survive without breathing.


Message History

You are poisoned.
The adder poisons you! The adder barely misses you.
You barely miss the adder.
You feel sick. The adder barely misses you. The adder bites you. x2
* * * LOW HITPOINT WARNING * * *
The adder barely misses you.
You hit the adder.
The adder is heavily wounded.
The adder barely misses you. The adder bites you.
* * * LOW HITPOINT WARNING * * *
The adder completely misses you.
This spell is very dangerous to cast!
Memorise Passage of Golubria, consuming 4 spell levels and leaving 3? [Y]es or [N]o only, please.
Memorise Passage of Golubria, consuming 4 spell levels and leaving 3?
The adder bites you.
Your memorisation is interrupted.
* * * LOW HITPOINT WARNING * * *
You are lethally poisoned!
The adder poisons you! The adder bites you.
You die...

#K)ยง.# #.##...#
###..## #.##.###
#...# #.##.# ###.#
#.##.# #.# #.##.#
###.# #.##.###
#...#####.......
###.##.........##.
#@SK##.##########.
#S####[# #. .?.#
#.# #. #.#### #.#
#. # #.##########.
#............
############. #.
#.# #.


You could see 2 adders and a kobold.

Vanquished Creatures
  Jessica (D:2)
  A gnoll (D:2)
  2 adders (D:2)
  3 dart slugs (D:1)
  A leopard gecko (D:1)
  A ball python (D:2)
  A giant cockroach (D:1)
  4 goblins (D:1)
  4 hobgoblins
  3 jackals (D:1)
  4 kobolds (D:1)
  4 bats
  2 frilled lizards (D:1)
  5 rats
  A plant (D:1)
37 creatures vanquished.

Notes
Turn   | Place    | Note
-------+----------+-------------------------------------------
     0 | D:1      | Iko the Vampire Warper began the quest for the Orb.
     0 | D:1      | Reached XP level 1. HP: 16/16 MP: 3/3
    99 | D:1      | Reached XP level 2. HP: 9/22 MP: 5/5
   565 | D:1      | Reached skill level 1 in Armour
   594 | D:1      | Reached XP level 3. HP: 27/27 MP: 6/6
   968 | D:2      | Noticed Jessica
   976 | D:2      | Killed Jessica
   976 | D:2      | Reached skill level 3 in Dodging
   976 | D:2      | Reached XP level 4. HP: 18/33 MP: 7/7
  1407 | D:2      | Slain by an adder

Skill      XL: |  1  2  3 |
---------------+----------+-----
Polearms       | 2 |  2.7
Armour         | 1 |  1.6
Fighting       | 2 |  2.1
Dodging        | 3 |  3.2
Throwing       | |  0.7
Stealth        | |  0.5
Spellcasting   | |  2.3
Translocations | |  2.4

Action                   |  1- 3 |  4- 6 || total
-------------------------+-------+-------++-------
Melee: Spear             |   136 |       ||   136
       Bite              |    16 |     3 ||    19
       Trident           |    14 |    51 ||    65
Throw: Tomahawk          |     5 |       ||     5
  Use: Potion            |    12 |     5 ||    17
       Scroll            |     4 |     1 ||     5
Armor: Leather armour    |    24 |    17 ||    41
Dodge: Dodged            |    87 |    41 ||   128
